[Event "Early-Titled-Tuesday-Blitz-June-18-2024"]
[Site "Chess.com"]
[Date "2024.06.18"]
[Round "11"]
[White "Mikhail_Bryakin"]
[Black "ChristopherYoo"]
[Result "1-0"]
[WhiteElo "2780"]
[BlackElo "2988"]
[TimeControl "180+1"]
[EndTime "10:08:39 PDT"]
[Termination "Mikhail_Bryakin won by resignation"]

1. Nf3 c5 2. c3 Nf6 3. d4 cxd4 4. cxd4 d5 5. Nc3 Qb6 6. Qb3 Qxb3 7. axb3 e6 8. Bf4 Bb4 9. e3 Nc6 10. Bd3 Bd7 11. Ke2 Ke7 12. Rhc1 Rhc8 13. h3 Na5 14.
Nd2 h6 15. Be5 Nc6 16. Bh2 Ne8 17. Na4 Bd6 18. Bxd6+ Nxd6 19. Nc5 Be8 20. h4 Nb4 21. Nf3 b6 22. Na4 Nxd3 23. Kxd3 Bb5+ 24. Kd2 Bxa4 25. bxa4 Nc4+ 26. Ke2 Nxb2 27. a5 Rxc1 28. Rxc1 Nc4 29.
axb6 axb6 30. Ne5 b5 31. Rb1 Nxe5 32. dxe5 Rb8 33. Kd3 b4 34. Kd4 Rb5 35. Rb3 Kd7 36.
Rb1 Kc6 37. h5 Kb6 38. g4 b3 39. Kc3 Kc5 40. Rxb3 Rxb3+ 41. Kxb3 d4 42. e4 Kb5 43. f4 Kc5 44. f5 d3 45. Kc3 d2 46. Kxd2 Kc6 47. Ke3 Kd7 48. Kd4 Ke7 49. Kc5 Kd7 50.
Kb6 Ke7 51. Kc6 f6 52. exf6+ gxf6 53. Kc7 1-0

[Event "Early-Titled-Tuesday-Blitz-June-18-2024"]
[Site "Chess.com"]
[Date "2024.06.18"]
[Round "11"]
[White "Fandorine"]
[Black "Rurep26"]
[Result "0-1"]
[WhiteElo "2925"]
[BlackElo "2747"]
[TimeControl "180+1"]
[EndTime "10:08:40 PDT"]
[Termination "Rurep26 won by resignation"]

1. d4 Nf6 2. c4 e6 3. g3 Bb4+ 4. Nd2 a5 5. Bg2 O-O 6. Nf3 d6 7. O-O Bxd2 8. Qxd2 Qe7 9. Qc2 e5 10. Bg5 Nc6 11. Rfd1 Bg4 12. d5 Bxf3 13. exf3 Nd4 14. Qd3 h6 15. Be3 Rfe8 16. f4 Ng4 17. Bxd4 exd4 18.
h3 Nf6 19. Qxd4 b6 20. Bf3 Qd7 21. Kg2 Qf5 22. Rac1 Re7 23. Re1 Rae8 24. Rxe7 Rxe7 25.
b3 h5 26. a3 Nd7 27. b4 axb4 28. axb4 Nf8 29. c5 bxc5 30. bxc5 h4 31. cxd6 cxd6 32.
g4 Qd7 33. Be4 Qe8 34. Rc4 Nd7 35. Bf3 Nc5 36. g5 Re1 37. Rb4 Rc1 38. f5 Nd7 39.
Qxh4 Qe1 40. Kg3 Qg1+ 41. Bg2 Rc3+ 42. f3 Rc2 43. Qe4 Rxg2+ 44. Kh4 Rxg5 45. Qf4 Rg2 46. Qxd6 Qe1+ 47. Kh5 Nf6+ 48. Qxf6 gxf6 49. Kh6 Qxb4 0-1

[Event "Early-Titled-Tuesday-Blitz-June-18-2024"]
[Site "Chess.com"]
[Date "2024.06.18"]
[Round "11"]
[White "gabduschew"]
[Black "Boundless_Strike"]
[Result "0-1"]
[WhiteElo "2349"]
[BlackElo "2673"]
[TimeControl "180+1"]
[EndTime "10:08:40 PDT"]
[Termination "Boundless_Strike won on time"]

1. d4 e5 2. dxe5 d6 3. exd6 Bxd6 4. e4 Nc6 5. Bd3 Qe7 6. Nc3 Nf6 7. Bg5 Be6 8. Qd2 O-O-O 9. f3 h6 10. Bf4 Ne5 11.
Nge2 g5 12. Bg3 Nh5 13. O-O-O Nxg3 14. hxg3 Bc5 15. Kb1 Nc4 16. Qe1 Ne3 17. Rh2 Nxd1 18. Nxd1 h5 19. a3 h4 20. Qc3 f6 21. g4 Bd6 22.
Rh1 Be5 23. Qa5 Kb8 24. Ndc3 c6 25. Na4 Qc7 26. Qd2 Qd6 27. Qa5 Bc8 28. Nc5 b6 29. Na6+ Bxa6 30. Qxa6 Qc5 31. Nc1 Qd4 32. c3 Qd7 33.
Qc4 Rhe8 34. Bc2 Re6 35. Rd1 Rd6 36. Rxd6 Qxd6 37. Nd3 Kc7 38. Nb4 a5 39. Nd3 Kb7 40. Nxe5 Qxe5 41. Qf7+ Kb8 42. Bb3 Qd6 43. Ka2 Rd7 44.
Qg8+ Kb7 45. Be6 Rc7 46. Bf5 Qe5 47. Qf7 Rxf7 0-1

[Event "Early-Titled-Tuesday-Blitz-June-18-2024"]
[Site "Chess.com"]
[Date "2024.06.18"]
[Round "11"]
[White "TimurDushatov"]
[Black "UF_10"]
[Result "1-0"]
[WhiteElo "2408"]
[BlackElo "2541"]
[TimeControl "180+1"]
[EndTime "10:08:40 PDT"]
[Termination "TimurDushatov won by checkmate"]

1. e4 e6 2. d4 d5 3. Nd2 h6 4. c3 Nf6 5. Bd3 c5 6. Ngf3 Nc6 7. O-O Be7 8. Qe2 O-O 9. dxc5 Bxc5 10. a3 Re8 11. b4 Bb6 12. Bb2 Bd7 13. c4 Rc8 14.
c5 Bc7 15. Rad1 Nh5 16. g3 Nf6 17. Rfe1 a6 18. Bc3 Na7 19. Ne5 Bb5 20. exd5 Nxd5 21.
Bb2 Ba4 22. Rc1 Nc6 23. Qe4 Nf6 24. Nxc6 Bxc6 25. Qe3 Qd5 26. Ne4 Ng4 27. Qe2 f5 28. h3 fxe4 29. Bc4 Qg5 30. Qxg4 Qxg4 31. hxg4 Bd5 32.
Bf1 Rf8 33. Bg2 e3 34. Rxe3 Rcd8 35. Bf1 Rd7 36. Bd3 Bd8 37. Be4 Bg5 38. f4 Bf6 39.
Bxf6 Rxf6 40. Bxd5 exd5 41. Rce1 Rg6 42. Rd3 Rxg4 43.
Kf2 Rg6 44. Red1 a5 45. Rxd5 Re7 46. Rd7 Re4 47. Rxb7 axb4 48. axb4 Ra6 49. Kf3 Rc4 50.
Rdd7 Ra3+ 51. Kg4 h5+ 52. Kh4 Rcc3 53. Rxg7+ Kf8 54. Rgc7 Rc1 55. Rc8# 1-0

[Event "Early-Titled-Tuesday-Blitz-June-18-2024"]
[Site "Chess.com"]
[Date "2024.06.18"]
[Round "11"]
[White "RandomNoob04"]
[Black "jguerramzllo"]
[Result "1-0"]
[WhiteElo "2815"]
[BlackElo "2682"]
[TimeControl "180+1"]
[EndTime "10:08:41 PDT"]
[Termination "RandomNoob04 won on time"]

1. e4 e5 2. d4 exd4 3. Qxd4 Nf6 4. e5 Nc6 5. Qe3 Ng4 6. Qe4 d5 7. exd6+ Be6 8. Ba6 Nf6 9. Qa4 bxa6 10. Qxc6+ Bd7 11. Qxc7 Rc8 12. Qxd8+ Kxd8 13. Nc3 Bxd6 14. Bg5 Re8+ 15. Nge2 Kc7 16. Bxf6 gxf6 17. O-O-O Bc6 18. f3 Be5 19. Nd4 Bb7 20. Nf5 h5 21. h4 Bxc3 22. bxc3 Re6 23. Ng7 Re5 24. Rhe1 Rg8 25. Rxe5 fxe5 26. Nxh5 Rxg2 27.
Nf6 Bxf3 28. Rd7+ Kb6 29. Rxf7 e4 30. Re7 Rh2 31. Nxe4 Rxh4 32. Nd6 Bg4 33. Kb2 Rh2 34. Kb3 Bd1 35. Nc4+ Kb5 36. Ne3 Bf3 37. Rxa7 Re2 38. Re7 Kc5 39. Re5+ Kc6 40. Nc4 Rh2 41. Ra5 Kb7 42.
Rf5 Be4 43. Nd6+ Kc6 44. Nxe4 Re2 45. Nf2 Re1 46. Nd3 Rb1+ 47. Kc4 Ra1 48. Ra5 Kb6 49.
Ra3 Rd1 50. Nb4 Rd2 51. Rxa6+ Kb7 52. Rh6 Rg2 53. a4 Rg5 54. Rh7+ Kb6 55. Nd5+ Ka6 56. Rd7 Rh5 57. Kc5 Rh4 58. Nb4+ Rxb4 59. Kxb4 1-0

[Event "Early-Titled-Tuesday-Blitz-June-18-2024"]
[Site "Chess.com"]
[Date "2024.06.18"]
[Round "11"]
[White "maracayo"]
[Black "tusplingher"]
[Result "0-1"]
[WhiteElo "2419"]
[BlackElo "2581"]
[TimeControl "180+1"]
[EndTime "10:08:43 PDT"]
[Termination "tusplingher won by resignation"]

1. e4 c5 2. Nf3 e6 3. d3 Nc6 4. Nbd2 Nf6 5. Be2 d5 6. O-O Be7 7. c3 O-O 8. h3 Re8 9. Re1 d4 10. cxd4 Nxd4 11. Nxd4 Qxd4 12. Nc4 b6 13. Be3 Qd8 14. a4 Ba6 15. Qc2 Qc7 16. Bf1 Rad8 17.
g3 Nd7 18. Bf4 Qc6 19. a5 Bxc4 20. dxc4 e5 21. Bd2 Nf8 22. Bc3 f6 23. axb6 axb6 24.
Red1 Ne6 25. Rd5 Nc7 26. h4 Nxd5 27. exd5 Qd6 28. Bh3 Bf8 29. h5 e4 30. Re1 e3 31.
f4 b5 32. b3 bxc4 33. bxc4 Qa6 34. Qd3 Qa2 35. Re2 Qa3 36. Bf5 h6 37. Rxe3 Qc1+ 38. Kf2 Rxe3 39. Qxe3 Qxe3+ 40. Kxe3 Bd6 41. Be6+ Kf8 42. g4 Ke7 43. g5 Ra8 44. gxf6+ gxf6 45. Ke4 Ra3 46. Bb2 Rb3 47. Ba1 Rb1 48. Bc3 Rc1 49. Bb2 Rxc4+ 50. Kf5 Rxf4+ 51. Kg6 Rf2 52. Bc3 Bf4 53. Bxf6+ Kd6 54. Kf7 Be5 55. Kg6 Rxf6+ 56.
Kh7 c4 0-1

[Event "Early-Titled-Tuesday-Blitz-June-18-2024"]
[Site "Chess.com"]
[Date "2024.06.18"]
[Round "11"]
[White "Guldona_2007"]
[Black "zverr1"]
[Result "0-1"]
[WhiteElo "2292"]
[BlackElo "2537"]
[TimeControl "180+1"]
[EndTime "10:08:45 PDT"]
[Termination "zverr1 won by resignation"]

1. e4 c5 2. Nf3 Nc6 3. d4 cxd4 4. Nxd4 Nf6 5. Nc3 e5 6. Ndb5 d6 7. Bg5 a6 8. Na3 b5 9. Nd5 Be7 10. Bxf6 Bxf6 11. c3 Rb8 12. Nc2 Bg5 13. g3 O-O 14. Bg2 a5 15. a3 Be6 16. Nce3 Ne7 17. Nxe7+ Qxe7 18. Nd5 Qb7 19. O-O Bxd5 20. exd5 f5 21. f4 Bf6 22. fxe5 Bxe5 23. Qd3 g6 24. Kh1 Qb6 25.
Qd2 Qc5 26. Rac1 Kg7 27. Qd3 a4 28. Rfe1 h5 29. Qe3 Qc7 30. Qg5 Rh8 31. Rf1 Rbf8 32. Rce1 Rf7 33. h4 Qc4 34. Qe3 Qg4 35. Kh2 Qxh4+ 36.
Kg1 Qxg3 37. Qb6 Qh2+ 38. Kf2 Bg3+ 39. Kf3 g5 40. Qd4+ Be5 41. Rxe5 Qxe5 42. Qxe5+ dxe5 43.
Rd1 Rd8 44. Kf2 Kf6 45. Bf1 Rfd7 46. Bxb5 Rxd5 47. Rxd5 Rxd5 48. Bxa4 Rd2+ 49. Ke3 Rxb2 50. c4 Ra2 51. Bb5 Rxa3+ 52. Kf2 Rc3 53. Ke2 h4 0-1

[Event "Early-Titled-Tuesday-Blitz-June-18-2024"]
[Site "Chess.com"]
[Date "2024.06.18"]
[Round "11"]
[White "bascheyaro"]
[Black "annasargsyan_m"]
[Result "1-0"]
[WhiteElo "2837"]
[BlackElo "2637"]
[TimeControl "180+1"]
[EndTime "10:08:46 PDT"]
[Termination "bascheyaro won by resignation"]

1. d4 d5 2. c4 c6 3. Nc3 Nf6 4. Bg5 dxc4 5. Bxf6 exf6 6. e3 Bb4 7. Bxc4 O-O 8. Ne2 Nd7 9. O-O Nb6 10. Bd3 Re8 11. a3 Bd6 12. Ne4 Bc7 13. N4g3 Be6 14. Rc1 a5 15. Bf5 Bc4 16. b3 Ba6 17. Bd3 a4 18.
Bxa6 Rxa6 19. b4 Nd5 20. Nc3 Nxc3 21. Rxc3 Bxg3 22. hxg3 Qd5 23. Qc2 h6 24. Rc5 Qd6 25. Rb1 Raa8 26. Qf5 g6 27. Qf4 Qf8 28. b5 Re6 29.
bxc6 bxc6 30. Rb4 Kg7 31. Qf3 Qe8 32. Qd1 h5 33. Rxa4 Rd8 34. Qf3 Qd7 35. Rac4 h4 36. gxh4 Rc8 37. a4 Qb7 38. g3 Qb1+ 39. Kg2 Qb6 40. a5 Qa6 41. h5 Rh8 42. Rb4 Qd3 43.
Rb7 f5 44. Rxc6 Rxc6 45. Qxc6 Rxh5 46. Qd5 Qe4+ 47. Qxe4 fxe4 48. a6 Ra5 49. a7 g5 50.
g4 Kf6 51. Kf1 Ke6 52. Ke1 Ra2 53. Kd1 f6 54. Kc1 Kd6 55. Kb1 Ra3 56. Kb2 Ra5 57.
Kb3 Kc6 58. Rf7 Kd5 59. Kb4 Ra1 60. Kb5 Rb1+ 61. Ka6 Ra1+ 62. Kb7 Rb1+ 63. Kc8 Rc1+ 64. Kb8 Rb1+ 65. Rb7 1-0

[Event "Early-Titled-Tuesday-Blitz-June-18-2024"]
[Site "Chess.com"]
[Date "2024.06.18"]
[Round "11"]
[White "David_ATM"]
[Black "GatoRojo150"]
[Result "1-0"]
[WhiteElo "2435"]
[BlackElo "2599"]
[TimeControl "180+1"]
[EndTime "10:08:46 PDT"]
[Termination "David_ATM won by resignation"]

1. e4 e5 2. Nf3 Nc6 3. Bb5 a6 4. Ba4 d6 5. O-O Bd7 6. c3 Nge7 7. Bc2 Ng6 8. d4 Be7 9. Nbd2 O-O 10. Nc4 Bg4 11. d5 Nh4 12. dxc6 Bxf3 13. gxf3 Qc8 14.
Kh1 Qh3 15. Rg1 Nxf3 16. Rg2 bxc6 17. Nd2 Nh4 18. Rg3 Qd7 19. Qg4 Qxg4 20. Rxg4 g6 21. Rg3 f5 22. exf5 Nxf5 23. Bxf5 Rxf5 24. Rf3 d5 25. Rxf5 gxf5 26. Nf3 Bd6 27. Bh6 Kf7 28. Rg1 Rg8 29. Ng5+ Ke7 30. Nxh7 Rb8 31. b3 c5 32. Bf8+ Kf7 33. Bxd6 cxd6 34. Ng5+ Kf6 35. Nf3 c4 36. b4 a5 37. a3 axb4 38. axb4 Ra8 39. Rb1 Rb8 40. b5 f4 41. b6 Rb7 42. h4 Kf5 43. Kg2 Ke4 44. Ng5+ Kd3 45. Ne6 Kxc3 46. Nd8 Rb8 47. Nc6 Rb7 48. Na5 Rb8 49. b7 Kc2 50.
Rb6 d4 51. Nc6 Rxb7 52. Rxb7 c3 53. Rc7 Kd2 54. Nb4 d3 55. h5 c2 56. Nxd3 Kxd3 57. h6 d5 58. h7 e4 59. h8=Q f3+ 60. Kg3 c1=Q 61. Rxc1 1-0

[Event "Early-Titled-Tuesday-Blitz-June-18-2024"]
[Site "Chess.com"]
[Date "2024.06.18"]
[Round "11"]
[White "Resignify"]
[Black "SuperGPatzer"]
[Result "1/2-1/2"]
[WhiteElo "2293"]
[BlackElo "2128"]
[TimeControl "180+1"]
[EndTime "10:08:46 PDT"]
[Termination "Game drawn by stalemate"]

1. e4 c5 2. Nc3 g5 3. d3 h6 4. h4 Bg7 5. hxg5 hxg5 6. Rxh8 Bxh8 7. Qh5 Bxc3+ 8. bxc3 Qa5 9. Bd2 c4 10. Qxg5 Qxg5 11. Bxg5 cxd3 12. cxd3 d6 13. Rb1 Nc6 14. d4 b6 15. Nf3 Bd7 16. Bd3 Rc8 17. Kd2 Na5 18. Rb4 Nf6 19. Bxf6 exf6 20. d5 Ke7 21. Nd4 Rg8 22. g3 Rh8 23. Ke3 Rh1 24. Rb2 Rc1 25. Ne2 Re1 26. Kd2 Ra1 27. Nc1 Ba4 28. Rb1 Nc4+ 29.
Ke2 Rxb1 30. Bxb1 Na3 31. Bd3 b5 32. Nb3 Bxb3 33. axb3 Nb1 34. c4 Nc3+ 35. Kd2 b4 36. f4 a5 37. g4 Na2 38. Kc2 Nc3 39. g5 fxg5 40. fxg5 Kf8 41. Kd2 Kg7 42. Bc2 Kg8 43.
Ke3 Kg7 44. Bd3 Nd1+ 45. Kd4 Nf2 46. c5 Nxd3 47. Kxd3 dxc5 48. Kc4 Kg6 49. d6 Kxg5 50. d7 f5 51. d8=Q+ Kg4 52. Qd7 Kf3 53. Qxf5+ Ke3 54. Qxc5+ Kd2 55. Qxa5 Kc2 56. Qxb4 Kb2 57. Qc5 Ka2 58.
b4 Ka3 59. b5+ Ka4 60. b6 1/2-1/2

[Event "Early-Titled-Tuesday-Blitz-June-18-2024"]
[Site "Chess.com"]
[Date "2024.06.18"]
[Round "11"]
[White "ThetNaung291"]
[Black "TitarovVasiliYouTube"]
[Result "0-1"]
[WhiteElo "2443"]
[BlackElo "2585"]
[TimeControl "180+1"]
[EndTime "10:08:50 PDT"]
[Termination "TitarovVasiliYouTube won by resignation"]

1. d4 Nf6 2. c4 d6 3. Nf3 g6 4. Nc3 Bf5 5. e3 Ne4 6. Nxe4 Bxe4 7. Bd3 Bxd3 8. Qxd3 Bg7 9. O-O O-O 10. Bd2 c5 11.
Bc3 cxd4 12. Bxd4 Nc6 13. Bxg7 Kxg7 14. Rfd1 Qa5 15. b3 a6 16. Nd4 Rfc8 17. Kf1 h5 18. Qd2 Qe5 19. Nf3 Qc5 20. Qb2+ Kg8 21. Rd5 Qb6 22.
Rad1 Nb4 23. Rg5 Rc5 24. a3 Rxg5 25. Nxg5 Nc6 26. b4 Rc8 27. Ne4 Ne5 28. c5 Qc6 29. Qd4 f5 30. cxd6 Qb5+ 31. Kg1 fxe4 32. dxe7 Re8 33. Qxe4 Rxe7 34. Rd5 Qc4 35. Qxc4 Nxc4 36. a4 Ne5 37. h3 Kf7 38. b5 a5 39. b6 Nc6 40. g4 hxg4 41. hxg4 Ke6 42. Rg5 Kf6 43. Rd5 Re4 44. Rd7 Rxg4+ 45. Kf1 Rxa4 46. Rxb7 Rb4 47.
f4 a4 48. Ke2 a3 49. Kf3 a2 50. Rc7 Rxb6 0-1

[Event "Early-Titled-Tuesday-Blitz-June-18-2024"]
[Site "Chess.com"]
[Date "2024.06.18"]
[Round "11"]
[White "whiteglovethief"]
[Black "Cmorales2001"]
[Result "1-0"]
[WhiteElo "2553"]
[BlackElo "2341"]
[TimeControl "180+1"]
[EndTime "10:08:50 PDT"]
[Termination "whiteglovethief won on time"]

1. d4 Nf6 2. c4 e6 3. Nf3 Bb4+ 4.
Nbd2 d5 5. g3 O-O 6. Bg2 b6 7. O-O Bb7 8. Qc2 Nbd7 9. b3 Rc8 10.
cxd5 exd5 11. Bb2 Re8 12. e3 Bd6 13. Rac1 Qe7 14. Qb1 c6 15. Rfe1 Bb4 16. Bc3 Bxc3 17. Rxc3 Qd6 18. Rec1 h6 19. b4 Re6 20. Bh3 Re7 21.
b5 c5 22. dxc5 Rxc5 23. Nd4 g6 24. N2b3 Rxc3 25. Rxc3 Ne4 26. Rc2 Ndc5 27. Qd1 Qf6 28. Bg2 Kg7 29. Qf3 Qd6 30. Qf4 Qd7 31. Qb8 Nd3 32.
Nc6 Re8 33. Qxa7 Bxc6 34. Qxb6 Bxb5 35. Rc7 Qf5 36. f3 Nxg3 37. hxg3 Bc4 38. Qd4+ Qf6 39. Qxf6+ Kxf6 40. e4 dxe4 41. Rxc4 e3 42. Rc6+ Kg7 43.
Bf1 e2 44. Bxe2 Rxe2 45. a4 Ne5 46. Rc3 Ra2 47. Nc5 g5 48. f4 gxf4 49. gxf4 Ng6 50.
f5 Nf4 51. Rc4 Ne2+ 52. Kf2 Nd4+ 53. Ke3 Nxf5+ 54. Kf4 Nd6 55. Rb4 Rf2+ 56. Ke5 1-0

[Event "Early-Titled-Tuesday-Blitz-June-18-2024"]
[Site "Chess.com"]
[Date "2024.06.18"]
[Round "11"]
[White "Puzzlebot_1294"]
[Black "rookpower2004"]
[Result "1-0"]
[WhiteElo "2684"]
[BlackElo "2498"]
[TimeControl "180+1"]
[EndTime "10:08:51 PDT"]
[Termination "Puzzlebot_1294 won on time"]

1. d4 d5 2. Bf4 e6 3. e3 c5 4.
Nf3 Nf6 5. c3 Nc6 6. Nbd2 Bd6 7.
Bg3 O-O 8. Bd3 Qe7 9. Ne5 Nd7 10. f4 f6 11. Nxc6 bxc6 12. O-O f5 13. Nf3 Nf6 14. Bh4 cxd4 15. cxd4 c5 16. Ne5 Bb7 17. Rc1 c4 18. Bb1 Qe8 19. Bxf6 gxf6 20. Nf3 Kh8 21. Kh1 Rg8 22.
Nh4 Rc8 23. Qf3 Qf8 24. g3 Bc6 25. Rg1 Rb8 26. Rc2 Ba4 27. Rf2 Qh6 28. Bxf5 exf5 29. Nxf5 Qf8 30. Qxd5 Rb6 31. Qxc4 Bb5 32. Qc2 Qa8+ 33.
e4 Rc8 34. Qb1 Re8 35. Nxd6 Rxd6 36. d5 f5 37. e5 Qxd5+ 38. Rfg2 Rg6 39. Qxf5 Bc6 40.
Qc2 Rd8 41. Rc1 Qxg2+ 42. Qxg2 Bxg2+ 43. Kxg2 Rd2+ 44. Kf3 Rxb2 45. f5 Rg8 46. e6 Rf8 47.
g4 Rb7 48. Kf4 Kg7 49. Rc4 1-0

[Event "Early-Titled-Tuesday-Blitz-June-18-2024"]
[Site "Chess.com"]
[Date "2024.06.18"]
[Round "11"]
[White "AmbartsumianTyhran2012"]
[Black "Timurist"]
[Result "0-1"]
[WhiteElo "2483"]
[BlackElo "2383"]
[TimeControl "180+1"]
[EndTime "10:08:51 PDT"]
[Termination "Timurist won by resignation"]

1. e4 e6 2. d4 d5 3. Nd2 c5 4.
dxc5 Bxc5 5. exd5 Qxd5 6. Ngf3 Nf6 7. Bc4 Qd6 8. O-O Qc7 9. Qe2 a6 10. Ne4 Nxe4 11. Qxe4 b5 12. Bd5 Ra7 13. Bf4 Bd6 14. Bxd6 Qxd6 15. Qd4 Qxd5 16. Qxa7 Qb7 17. Qxb7 Bxb7 18.
Nd4 Ke7 19. Rad1 Rc8 20. c3 Nd7 21. Rfe1 g6 22. Nb3 Nb6 23. Re2 Bd5 24. f3 g5 25.
Nd4 Kf6 26. a3 Nc4 27. Rb1 Rc7 28. Nc2 Nd6 29. Ne3 Bb3 30. Rd2 Nb7 31. Kf2 Nc5 32. h4 h6 33. hxg5+ hxg5 34. Rh1 Na4 35. Rh8 Rb7 36. Ra8 Rb6 37. Ra7 Nc5 38. Ng4+ Kg6 39. Ne5+ Kf6 40. Nd7+ Nxd7 41. Rdxd7 e5 42. Rxf7+ Bxf7 43. Ke3 Bd5 44. Rd7 Ke6 45. Rg7 Kf6 46. Rd7 Be6 47. Ra7 g4 48. fxg4 Bxg4 49. Ke4 Bf5+ 50. Kd5 e4 51. Kd4 Rd6+ 52. Ke3 Ke5 53. Re7+ Be6 54.
Ra7 Rd3+ 55. Kf2 Rd2+ 56. Ke3 Rxb2 57. Rxa6 Rb3 58. Ra5 Rxc3+ 59. Kd2 Rd3+ 60. Ke2 Bc4 61. Ra8 Rxa3+ 0-1

[Event "Early-Titled-Tuesday-Blitz-June-18-2024"]
[Site "Chess.com"]
[Date "2024.06.18"]
[Round "11"]
[White "SujanaLohani"]
[Black "chess_peak"]
[Result "0-1"]
[WhiteElo "2290"]
[BlackElo "2535"]
[TimeControl "180+1"]
[EndTime "10:08:53 PDT"]
[Termination "chess_peak won by resignation"]

1. e4 c5 2. Nf3 Nc6 3. Bb5 e6 4. O-O Nge7 5. d4 cxd4 6. Nxd4 Qb6 7. Nxc6 bxc6 8. Bd3 Ng6 9. Nc3 Be7 10. Kh1 e5 11.
Rb1 O-O 12. Be3 Qc7 13. g3 d6 14. f4 exf4 15. gxf4 f5 16. Qh5 Nh4 17. Rg1 fxe4 18.
Nxe4 Bf5 19. Rxg7+ Kxg7 20. Bd4+ Kg8 21. Rg1+ Ng6 22. Ng5 Bxg5 23. Rxg5 Bxd3 24. cxd3 Qf7 25. f5 Qd5+ 26. Kg1 Qxd4+ 27. Kh1 Rxf5 28. Rxf5 Rf8 29.
Rxf8+ Nxf8 30. Qg5+ Ng6 31. Qd8+ Kg7 32. Qd7+ Kh6 33.
Qh3+ Qh4 34. Qe3+ Qg5 35. Qh3+ Kg7 36. Qd7+ Kh6 37. Qh3+ Nh4 38. Qe6+ Qg6 39. Qe3+ Kh5 40. Qe2+ Kg5 41. Qe3+ Kg4 42. Qg3+ Kh5 43. Qf2 Qf5 44. Kg1 Qxf2+ 45. Kxf2 Kg4 46. a4 Nf5 47. b4 Kf4 48. a5 Ke5 49. a6 Kd4 50. Kf3 Ne7 51. Kf4 Nd5+ 52. Kg5 Nxb4 53. Kh6 Nxd3 54. Kxh7 c5 55. Kg6 c4 56. h4 c3 57. Kf5 c2 58. h5 c1=Q 59. h6 Qxh6 0-1

[Event "Early-Titled-Tuesday-Blitz-June-18-2024"]
[Site "Chess.com"]
[Date "2024.06.18"]
[Round "11"]
[White "Roedor"]
[Black "mangochessgo"]
[Result "1/2-1/2"]
[WhiteElo "2459"]
[BlackElo "2668"]
[TimeControl "180+1"]
[EndTime "10:08:54 PDT"]
[Termination "Game drawn by stalemate"]

1. d4 Nf6 2. c4 Nc6 3. Nf3 d5 4. cxd5 Nxd5 5. e4 Nf6 6. Nc3 Bg4 7. Be3 e6 8. d5 exd5 9. exd5 Ne5 10. Nxe5 Bxd1 11.
Bb5+ Ke7 12. Bc5+ Qd6 13. Bxd6+ cxd6 14. Rxd1 dxe5 15. d6+ Kd8 16. O-O Rc8 17. Rfe1 Nd7 18. Bxd7 Kxd7 19. Rxe5 Rc6 20. Ne4 b6 21. Red5 f6 22.
h4 h5 23. g3 Rh6 24. b4 Rc4 25. R1d4 Rxd4 26. Rxd4 f5 27. Ng5 Rxd6 28. Rxd6+ Kxd6 29. Kf1 Kd5 30. a3 Kc4 31. Ne6 Be7 32. Nxg7 Kb3 33.
Nxf5 Bf6 34. f3 b5 35. g4 Kxa3 36. g5 Bc3 37. g6 Kxb4 38. g7 Bxg7 39. Nxg7 a5 40.
Ke2 a4 41. Kd1 a3 42. Kc1 Kb3 43. Kb1 b4 44. Ka1 Kc2 45. Ne6 b3 46. Nd4+ Kc3 47.
Nxb3 Kxb3 48. f4 Kc4 49. Ka2 Kd4 50. Kxa3 Ke4 51. Kb2 Kxf4 52. Kc2 Kg4 53. Kd2 Kxh4 54. Ke2 Kg3 55. Kf1 Kh2 56. Kf2 h4 57. Kf1 h3 58.
Kf2 Kh1 59. Kf1 h2 60. Kf2 1/2-1/2

[Event "Early-Titled-Tuesday-Blitz-June-18-2024"]
[Site "Chess.com"]
[Date "2024.06.18"]
[Round "11"]
[White "savitha1030"]
[Black "Mikasinski"]
[Result "0-1"]
[WhiteElo "2578"]
[BlackElo "2713"]
[TimeControl "180+1"]
[EndTime "10:08:54 PDT"]
[Termination "Mikasinski won by resignation"]

1. e4 c5 2. Nf3 d6 3. d4 cxd4 4.
Nxd4 Nf6 5. Nc3 a6 6. Be3 e5 7. Nb3 Be7 8. h3 Be6 9. Qf3 d5 10. exd5 Bxd5 11. Qg3 Bxb3 12. axb3 O-O 13. Qxe5 Nc6 14.
Qg3 Bb4 15. Bd3 Nd5 16. O-O Nxc3 17. bxc3 Bxc3 18. Ra4 g6 19. Bg5 Bf6 20. h4 Bxg5 21. hxg5 Nd4 22. Re1 b5 23. Raa1 Qd7 24. Re4 Rfe8 25. Rae1 Rxe4 26. Rxe4 Re8 27. Qe3 Rxe4 28. Qxe4 Ne6 29. Qa8+ Qd8 30. Qxa6 b4 31. Qb5 Qxg5 32.
Qb8+ Kg7 33. Qxb4 Nf4 34. Qd4+ Kh6 35. g3 Ne6 36. Qe3 Qxe3 37. fxe3 Kg5 38. Bc4 Nd8 39. b4 Kf6 40. b5 Ke5 41. b6 Kd6 42. Ba6 Kc6 43.
b7 Nxb7 44. Bxb7+ Kxb7 45. Kg2 Kc6 46. Kf3 Kd5 47. Kf4 f6 48. e4+ Kd4 49. g4 h6 50.
Kf3 g5 51. c3+ Kxc3 52. e5 fxe5 53. Ke4 Kd2 54. Kxe5 Ke3 55. Kf5 Kf3 56. Kg6 Kxg4 57. Kxh6 Kf3 0-1

[Event "Early-Titled-Tuesday-Blitz-June-18-2024"]
[Site "Chess.com"]
[Date "2024.06.18"]
[Round "11"]
[White "Laico"]
[Black "Shuvalov"]
[Result "1-0"]
[WhiteElo "2452"]
[BlackElo "2575"]
[TimeControl "180+1"]
[EndTime "10:08:55 PDT"]
[Termination "Laico won on time"]

1. e4 e6 2. d4 d5 3. Nd2 c5 4.
exd5 exd5 5. Ngf3 Nf6 6. Bb5+ Bd7 7. Qe2+ Be7 8. dxc5 O-O 9. Nb3 Re8 10. Be3 a6 11.
Bxd7 Nbxd7 12. O-O-O a5 13. a4 Nxc5 14. Qb5 Nce4 15.
Qxb7 Rb8 16. Qa7 Qc8 17. Kb1 Rb7 18. Qxa5 Bb4 19. Qa6 Nc3+ 20. bxc3 Bxc3 21. Qd3 Rb4 22. Bc5 Rxb3+ 23. cxb3 Qxc5 24. Rc1 Ne4 25. Rhe1 Rb8 26.
Rxe4 Rxb3+ 27. Kc2 Rb2+ 28. Kd1 dxe4 29. Qd8+ Qf8 30.
Qxf8+ Kxf8 31. Rxc3 exf3 32. Rxf3 Ra2 33. Rf4 g5 34.
Rf5 h6 35. a5 Kg7 36. Ke1 Kg6 37. g4 Ra4 38. f3 h5 39. h3 h4 40. Kf1 f6 41. Kf2 Ra2+ 42. Ke3 Rh2 43. Ke4 Rxh3 44. a6 Rh1 45. Ra5 Re1+ 46. Kd3 Re8 47. a7 Ra8 48. Kc4 h3 49. Ra1 h2 50. Kd5 Rxa7 51. Rh1 Ra2 52. Ke4 Re2+ 53. Kd3 Rg2 54. Ke4 1-0

[Event "Early-Titled-Tuesday-Blitz-June-18-2024"]
[Site "Chess.com"]
[Date "2024.06.18"]
[Round "11"]
[White "vladgoncharov"]
[Black "DvaHrasta"]
[Result "1-0"]
[WhiteElo "2672"]
[BlackElo "2521"]
[TimeControl "180+1"]
[EndTime "10:08:59 PDT"]
[Termination "vladgoncharov won on time"]

1. d4 Nf6 2. c4 e6 3. Nc3 Bb4 4. e3 O-O 5. Bd3 c5 6. Ne2 d5 7. cxd5 exd5 8. a3 Bxc3+ 9. bxc3 b6 10. O-O Ba6 11. dxc5 bxc5 12. Ng3 Bxd3 13. Qxd3 c4 14. Qd1 Nc6 15. a4 Ne5 16. Qd4 Nd3 17. e4 Nxe4 18. Nxe4 dxe4 19. Qxe4 Rc8 20. Be3 Re8 21. Qg4 Rc7 22. Bd4 f6 23. h4 Qd7 24. Qg3 Rc6 25.
Rab1 Rce6 26. a5 Qd6 27. Qxd6 Rxd6 28. Bxa7 Re2 29. Bb6 Ra2 30. Ra1 Rb2 31. Rfb1 Rb3 32. Rd1 Kf7 33. Bd4 Ra6 34. Rdb1 Rxa5 35. Rxa5 Rxb1+ 36. Kh2 Rb2 37. Kg3 Nc1 38. Ra7+ Kg8 39. Rc7 Ne2+ 40. Kf3 Nxd4+ 41. cxd4 Rb3+ 42. Ke4 Rb2 43. d5 Rd2 44. Rxc4 Rxf2 45. Rc8+ Kf7 46. Rc7+ Kf8 47. g4 Rd2 48. h5 h6 49. Ra7 Rd1 50. Ra5 Ke7 51. Kf5 Rd4 52. Ra7+ Kf8 53. Ke6 Re4+ 54. Kd6 Rxg4 55. Kd7 f5 56. d6 Rd4 57. Ke6 Re4+ 58. Kxf5 Rd4 59. Ke5 Rd1 60. Ke6 Re1+ 61. Kd7 1-0

[Event "Early-Titled-Tuesday-Blitz-June-18-2024"]
[Site "Chess.com"]
[Date "2024.06.18"]
[Round "11"]
[White "DonCiao"]
[Black "KarlEmilElmer"]
[Result "0-1"]
[WhiteElo "2078"]
[BlackElo "2186"]
[TimeControl "180+1"]
[EndTime "10:08:59 PDT"]
[Termination "KarlEmilElmer won on time"]

1. c4 Nf6 2. g3 g6 3. Bg2 Bg7 4. Nc3 O-O 5. e4 d6 6. Nge2 e5 7. O-O Be6 8. d3 Qd7 9. Nd5 Bh3 10. Bxh3 Qxh3 11. f3 Na6 12. Be3 c6 13. Nxf6+ Bxf6 14. d4 Rad8 15. Qb3 exd4 16. Bxd4 Bxd4+ 17. Nxd4 Nc5 18. Qc3 h5 19. Rad1 h4 20. g4 Rfe8 21. Ne2 Nxe4 22.
fxe4 Qxg4+ 23. Ng3 hxg3 24. Qxg3 Rxe4 25. Rfe1 Qxg3+ 26. hxg3 Rxc4 27. Re7 Rb4 28. b3 d5 29. Rf1 Rf8 30.
Rf6 Kg7 31. Rd6 a5 32. Rdd7 d4 33. Kf2 a4 34. Rxb7 Rxb7 35. Rxb7 axb3 36. axb3 Rc8 37. Ke2 c5 38. Kd3 Kf6 39. Kc4 Ke6 40. Rb6+ Kf5 41. Rb7 f6 42. Rg7 g5 43. Rd7 Kg4 44.
Rd5 f5 45. b4 cxb4+ 46. Kxb4 Rb8+ 47. Kc4 Re8 48. Kd3 Re3+ 49. Kxd4 Rxg3 50. Ra5 f4 51.
Ke5 Re3+ 52. Kf6 Rf3 53. Rxg5+ Kh3 54. Kf5 Kh2 55. Ke4 Rf2 56. Rg4 f3 57. Ke3 Rf1 58. Kd2 Rg1 0-1